 Dungeon Sprint DCSS version 0.28.0-43-g3370ac3207 (webtiles) character file.

Game seed: 15225997558414924261

6097 boopmooplesden the Fencer (level 10, -2/99 HPs)
             Began as a Minotaur Berserker on Mar 8, 2022.
             Was a High Priest of Trog.
             Slain by a sphinx (5 damage)
             ... in the Dungeon (Sprint II: "The Violet Keep of Menkaure").
             The game lasted 00:03:27 (978 turns).

boopmooplesden the Fencer (Minotaur Berserker)       Turns: 978, Time: 00:03:28

Health: -2/99      AC: 21    Str: 26    XL:     10   Next: 58%
Magic:  9/9        EV: 14    Int:  8    God:    Trog [*****.]
Gold:   916        SH:  0    Dex: 10    Spells: 9/9 levels left

rFire   + . .      SeeInvis .   k - +7 rapier "Rohi" {vamp, *Slow rF+ Int+4}
rCold   . . .      Faith    .   (no shield)
rNeg    . . .      Spirit   .   i - +6 scale mail of Gaerrugu {+Inv}
rPois   .          Reflect  .   o - +2 hat
rElec   .          Harm     .   (no cloak)
rCorr   .          Rampage  .   j - +2 pair of gloves
Will    .....      NoTele   +   t - +0 pair of boots
Stlth   ..........              (no amulet)
HPRegen 1.06/turn               (no ring)
MPRegen 0.11/turn               (no ring)

@: on berserk cooldown, slowed, very slow
A: horns 2, retaliatory headbutt, frail 1, regeneration 1, subdued magic 1
a: Renounce Religion, Evoke Invisibility, Berserk, Trog's Hand, Brothers in Arms


You were in the Dungeon.
You worshipped Trog.
Trog was extremely pleased with you.
You visited 1 branch You collected 1403 gold pieces.
You spent 487 gold pieces at shops.

Inventory:

Hand Weapons
 a - a +0 falchion
 k - the +7 rapier "Rohi" (weapon) {vamp, *Slow rF+ Int+4}
   (You bought it in a shop in the Dungeon)

   It occasionally heals its wielder for a portion of the damage dealt when it
   wounds a living foe.
   Int:       It affects your intelligence (+4).
   rF:        It protects you from fire.
   *Slow:     It may slow you when you take damage.
Missiles
 y - 5 javelins (quivered)
Armour
 b - a +0 animal skin
 i - the +6 scale mail of Gaerrugu (worn) {+Inv}
   (You bought it in a shop in the Dungeon)

   +Inv:      It lets you turn invisible.
 j - a +2 pair of gloves (worn)
 o - a +2 hat (worn)
 t - a +0 pair of boots (worn)
Scrolls
 h - 3 scrolls of blinking
 m - a scroll of fear {unknown}
 n - 4 scrolls of identify {unknown}
 p - a scroll of silence {unknown}
 q - 2 scrolls of immolation {unknown}
 r - 2 scrolls of enchant armour {unknown}
 u - a scroll of vulnerability {unknown}
 v - a scroll of brand weapon {unknown}
Potions
 c - 3 potions of curing
 d - 2 potions of heal wounds
 e - 2 potions of haste
 f - 5 potions of magic
 g - a potion of berserk rage
 l - 5 potions of flight {unknown}
 s - 3 potions of resistance {unknown}
 w - a potion of attraction {unknown}
 x - a potion of lignification {unknown}


   Skills:
 + Level 17.2 Fighting
 + Level 8.4(13.6) Short Blades
 + Level 18.2(19.0) Long Blades
 + Level 9.7 Armour
 + Level 10.9 Dodging
 + Level 1.7 Stealth


You had 9 spell levels left.
You didn't know any spells.
Your spell library was empty.

Dungeon Overview and Level Annotations

Branches:
Dungeon (1/1)

Altars:
Cheibriados
Dithmenos
Elyvilon
Fedhas
Gozag
Hepliaklqana
Kikubaaqudgha
Makhleb
Nemelex Xobeh
Okawaru
Qazlal
Ru
Sif Muna
Trog
Uskayaw
Vehumet
Wu Jian
Xom
Yredelemnul
Zin
The Shining One
Beogh
Jiyva
Lugonu

Shops:
D :(!=(?!:=([(![:

Annotations:
D exclusions: obsidian statue and oklob plant


Innate Abilities, Weirdness & Mutations

You have a pair of horns on your head.
You reflexively headbutt those who attack you in melee.
You are frail. (-10% HP)
Your natural rate of healing is unusually fast.
Your spells are a little easier to cast, but a little less powerful.


Message History

The sphinx casts a spell.
You are more confused.
You puncture the sphinx!
You feel better.
Your headbutt misses the sphinx.
The sphinx is lightly wounded.
You're too confused to move!
The sphinx hits you! The sphinx hits you but does no damage.
The sphinx barely misses you. The sphinx hits you.
The sphinx closely misses you. The sphinx hits you but does no damage.
You hit the sphinx.
You feel better.
You headbutt the sphinx.
The sphinx is moderately wounded.
The sphinx mumbles some strange words.
You suddenly lose the ability to move!
The sphinx hits you but does no damage. The sphinx barely misses you.
The sphinx hits you but does no damage.
The sphinx hits you. x2; The sphinx hits you but does no damage. x4
The sphinx mumbles some strange words.
You barely resist.
The sphinx hits you but does no damage. x3
The sphinx hits you! The sphinx hits you.
The sphinx hits you but does no damage. The sphinx hits you!
* * * LOW HITPOINT WARNING * * *
The sphinx hits you.
* * * LOW HITPOINT WARNING * * *
The sphinx hits you but does no damage. The sphinx hits you!
* * * LOW HITPOINT WARNING * * *
The sphinx hits you but does no damage. The sphinx hits you.
* * * LOW HITPOINT WARNING * * *
You can move again.
You see here 27 gold pieces.
You feel less confused. The sphinx hits you.
* * * LOW HITPOINT WARNING * * *
The sphinx hits you but does no damage. x2; The sphinx barely misses you. x2
The sphinx hits you but does no damage. The sphinx hits you.
* * * LOW HITPOINT WARNING * * *
The sphinx hits you but does no damage. x3; The sphinx barely misses you.
The sphinx hits you.
You die...

#▓..([.[..▓▓
#▓▓▓▓▓▓▓'▓▓▓▓+▓
†≈≈≈≈≈≈†...≈≈≈▓
######'###.≈≈≈▓
._...#§≈≈##≈≈≈▓
_._._#§≈≈≈####▓▓▓▓▓
._._.#≈§§≈≈##..#$$▓
_._._#§≈§§§≈#..#H.▓
._._.#≈§§§≈§§..'@$▓
_._._#§≈≈§≈§#.)#$.▓
._._.#≈≈§§§≈▓..#$$▓
.._..#≈≈≈≈▓▓▓▓▓▓▓▓▓
######≈≈≈§▓z
≈≈≈≈≈≈≈≈≈≈▓zz
######≈▓▓▓▓▓▓▓ #▓▓


You could see a sphinx.

Vanquished Creatures
  A kraken (D)
  A sphinx (D)
  2 deep trolls (D)
  A merfolk siren (D)
  A yaktaur (D)
  3 polar bears (D)
  A hornet (D)
  2 wyverns (D)
  4 neqoxecs (D)
  Menkaure (D)
  3 water moccasins (D)
  4 scorpions (D)
  A hell rat (D)
  5 tentacles (D)
30 creatures vanquished.

Vanquished Creatures (others)
  A water moccasin (D)
  6 tentacles (D)
7 creatures vanquished.

Grand Total: 37 creatures vanquished

Notes
Turn   | Place    | Note
-------+----------+-------------------------------------------
     0 | D        | boopmooplesden the Minotaur Berserker began the quest for
                  | the Orb.
     0 | D        | Reached XP level 1. HP: 19/19 MP: 0/0
     1 | D        | Noticed a wyvern
     1 | D        | Noticed a wyvern
     8 | D        | Killed a wyvern
     9 | D        | Reached skill level 8 in Long Blades
     9 | D        | Reached XP level 2. HP: 4/35 MP: 1/1
     9 | D        | Reached XP level 3. HP: 5/40 MP: 2/2
     9 | D        | Reached XP level 4. HP: 6/48 MP: 3/3
     9 | D        | Reached XP level 5. HP: 7/53 MP: 4/4
    10 | D        | Killed a wyvern
    11 | D        | Reached skill level 10 in Long Blades
    11 | D        | Reached skill level 5 in Dodging
    11 | D        | Reached XP level 6. HP: 9/66 MP: 5/5
    67 | D        | Killed a water moccasin
   294 | D        | Reached ** piety under Trog
   295 | D        | Reached skill level 10 in Fighting
   295 | D        | Reached skill level 11 in Long Blades
   295 | D        | Reached skill level 5 in Armour
   306 | D        | Reached skill level 12 in Long Blades
   306 | D        | Reached XP level 7. HP: 74/74 MP: 6/6
   353 | D        | Noticed a merfolk siren
   364 | D        | Killed a merfolk siren
   364 | D        | Reached *** piety under Trog
   365 | D        | Reached skill level 13 in Long Blades
   492 | D        | Noticed a neqoxec
   492 | D        | Noticed a neqoxec
   492 | D        | Noticed a neqoxec
   492 | D        | Noticed a neqoxec
   494 | D        | Gained mutation: Your spells are a little easier to cast,
                  | but a little less powerful. [a neqoxec]
   495 | D        | Killed a neqoxec
   496 | D        | Reached skill level 14 in Long Blades
   496 | D        | Gained mutation: Your natural rate of healing is unusually
                  | fast. [a neqoxec]
   499 | D        | Killed a neqoxec
   500 | D        | Reached XP level 8. HP: 86/86 MP: 7/7
   501 | D        | Gained mutation: You are frail. (-10% HP) [a neqoxec]
   503 | D        | Reached **** piety under Trog
   515 | D        | Found Hovigudica's Book Boutique.
   515 | D        | Found Zode's Antique Weapon Shop.
   515 | D        | Found Pungycinn's Distillery.
   515 | D        | Found Kump's Distillery.
   516 | D        | Found Tiosoarch's Book Shop.
   516 | D        | Found Daezegea's Weapon Boutique.
   516 | D        | Found Qowecusi's Antique Armour Shop.
   516 | D        | Found Nylupon's Magic Scroll Boutique.
   516 | D        | Found Colo's Antique Weapon Shop.
   516 | D        | Found Wonn's Jewellery Boutique.
   517 | D        | Found Attizuin's Antique Armour Boutique.
   517 | D        | Found Enlis's Jewellery Shop.
   517 | D        | Found Sufu Kui's Distillery.
   517 | D        | Found Fiok's Antique Weapon Boutique.
   517 | D        | Noticed Menkaure
   517 | D        | Noticed a hell hog
   529 | D        | Killed Menkaure
   530 | D        | Reached skill level 15 in Long Blades
   535 | D        | Noticed a hell hog
   535 | D        | Noticed an oklob plant
   536 | D        | Found Peulywas's Book Shoppe.
   538 | D        | Bought a jewelled scale mail for 180 gold pieces
   538 | D        | Identified the +6 scale mail of Gaerrugu {+Inv} (You bought
                  | it in a shop in the Dungeon)
   549 | D        | Bought a pair of glowing gloves for 127 gold pieces
   573 | D        | Bought a bloodstained rapier for 180 gold pieces
   573 | D        | Identified the +7 rapier "Rohi" {vamp, *Slow rF+ Int+4}
                  | (You bought it in a shop in the Dungeon)
   617 | D        | Noticed an obsidian statue
   625 | D        | Found an iron altar of Okawaru.
   625 | D        | Found an opulent altar of Gozag.
   626 | D        | Found a sparkling altar of Nemelex Xobeh.
   626 | D        | Found a blossoming altar of Fedhas.
   627 | D        | Found a radiant altar of Vehumet.
   627 | D        | Found a burning altar of Makhleb.
   627 | D        | Found a white marble altar of Elyvilon.
   628 | D        | Found a hide-covered altar of Uskayaw.
   628 | D        | Found a corrupted altar of Lugonu.
   628 | D        | Found a shadowy altar of Dithmenos.
   629 | D        | Found a glowing silver altar of Zin.
   629 | D        | Found a bloodstained altar of Trog.
   629 | D        | Found an ancient bone altar of Kikubaaqudgha.
   630 | D        | Found a basalt altar of Yredelemnul.
   630 | D        | Found a shimmering blue altar of Sif Muna.
   630 | D        | Found a viscous altar of Jiyva.
   631 | D        | Found a shimmering altar of Xom.
   631 | D        | Found a sacrificial altar of Ru.
   632 | D        | Found a glowing golden altar of the Shining One.
   632 | D        | Found an ornate altar of the Wu Jian Council.
   633 | D        | Noticed a yaktaur
   633 | D        | Noticed a hornet
   633 | D        | Noticed a polar bear
   633 | D        | Noticed a polar bear
   635 | D        | Killed a polar bear
   635 | D        | Noticed a polar bear
   639 | D        | Killed a polar bear
   639 | D        | Reached ***** piety under Trog
   640 | D        | Reached skill level 16 in Long Blades
   642 | D        | Killed a polar bear
   643 | D        | Reached skill level 15 in Fighting
   643 | D        | Reached skill level 1 in Short Blades
   643 | D        | Reached XP level 9. HP: 87/87 MP: 8/8
   645 | D        | Paralysed by a hornet for 1 turns
   654 | D        | Killed a yaktaur
   682 | D        | Found a stormy altar of Qazlal.
   688 | D        | Noticed a kraken
   699 | D        | Reached skill level 17 in Long Blades
   731 | D        | Killed a kraken
   732 | D        | Reached skill level 5 in Short Blades
   732 | D        | Reached skill level 1 in Stealth
   732 | D        | Reached XP level 10. HP: 97/97 MP: 9/9
   880 | D        | Found a hazy altar of Hepliaklqana.
   880 | D        | Found a snail-covered altar of Cheibriados.
   892 | D        | Noticed a deep troll
   898 | D        | Noticed a deep troll
   899 | D        | Killed a deep troll
   900 | D        | Reached skill level 18 in Long Blades
   900 | D        | Reached skill level 10 in Dodging
   905 | D        | Killed a deep troll
   946 | D        | Noticed a sphinx
   946 | D        | Noticed a sphinx
   961 | D        | Killed a sphinx
   961 | D        | Received a gift from Trog
   968 | D        | Paralysed by a sphinx for 7 turns
   978 | D        | HP: 3/99 [sphinx (4)]
   978 | D        | Slain by a sphinx

Illustrated notes

Levels and vault maps discovered:
D:        the_violet_keep_of_menkaure [sprint2_stairs_cluster_1,
          sprint2_shoproom, sprint2_temple, sprint2_basic_supplies,
          sprint2_obstacle_3, sprint2_obstacle_5, sprint2_obstacle_6,
          sprint2_obstacle_4, sprint2_obstacle_1, sprint2_timed_cluster_1,
          sprint2_smallroom_cluster_1, sprint2_smallroom_final_cluster_1,
          sprint2_transparent_cluster_1, sprint2_second_timed_cluster_1,
          sprint2_sniper_area_1, sprint2_heavy_combat_area_1,
          sprint2_mutation_trap_area_1, sprint2_forest_area_1,
          sprint2_light_combat_area_1, sprint2_behind_water_1,
          sprint2_near_end_vault_1]

Skill      XL: |  1  2  3  4  5  6  7  8  9 10 |
---------------+-------------------------------+-----
Fighting       | 8 9 11 13 15 16 17 | 17.2
Long Blades    | 8 10 12 14 16 17 18 | 18.2
Armour         | 4 5 6 8 9 |  9.7
Dodging        | 4 5 6 7 8 9 10 | 10.9
Short Blades   | 1 5 8 |  8.4
Stealth        | 1 |  1.7

Action                   |  1- 3 |  4- 6 |  7- 9 | 10-12 || total
-------------------------+-------+-------+-------+-------++-------
Melee: Falchion          |     6 |    17 |    28 |       ||    51
       Headbutt          |       |     5 |    26 |     5 ||    36
       Rapier            |       |       |    55 |    22 ||    77
       Punch             |       |       |     1 |       ||     1
Invok: Berserk           |     1 |     1 |     3 |     2 ||     7
Armor: Scale mail        |       |       |    21 |    60 ||    81
Dodge: Dodged            |     4 |     5 |    36 |    23 ||    68
